 Dungeon Sprint DCSS version 0.16-a0-3761-g2321f2b (console) character file.

3123 Monkaria the Nimble (level 9, -4/97 HPs)
             Began as a Troll Monk on Jan 24, 2015.
             Was an Elder of Makhleb.
             Slain by a demonic crawler (10 damage)
             ... while paralysed by a giant eyeball
             ... in the Dungeon (Sprint I: "Red Sonja").
             The game lasted 00:03:46 (871 turns).

Monkaria the Nimble (Troll Monk)                     Turns: 871, Time: 00:03:47

Health: -4/97      AC:  7    Str: 24    XL:     9   Next: 60%
Magic:  4/4        EV:  1    Int:  6    God:    Makhleb [****..]
Gold:   592        SH:  0    Dex: 12    Spells: 0 memorised, 8 levels left

rFire  . . .     SeeInvis .       - Unarmed
rCold  . . .     Clarity  .     a - +0 robe
rNeg   . . .     SustAb   .     (shield restricted)
rPois  .         Gourm    +     (helmet restricted)
rElec  .         Spirit   .     j - +1 cloak
rCorr  .         Warding  .     (gloves unavailable)
rMut   .         NoTele   +     (boots unavailable)
MR     .....                    (no amulet)
Stlth  +.........               (no ring)
                                (no ring)

@: paralysed, not resistant to hostile enchantments, very unstealthy
A: unfitting armour, claws 3, fast metabolism 3, gourmand, regeneration 2,
shaggy fur 1, tough skin 2
a: Minor Destruction, Lesser Servant of Makhleb, Major Destruction, Renounce
Religion


You were in the Dungeon.
You worshipped Makhleb.
Makhleb was greatly pleased with you.
You were hungry.

You visited 1 branch You collected 641 gold pieces.
You spent 49 gold pieces at shops.

Inventory:

Hand weapons
 n - a +0 blowgun
Missiles
 m - 2 tomahawks (quivered)
 o - 8 curare-tipped needles
Armour
 a - a +0 robe (worn)
 j - a +1 cloak (worn)
Scrolls
 g - a scroll of enchant armour
 h - a scroll of blinking
Potions
 c - a potion of curing
 d - a potion of might {unknown}
 f - 2 potions of magic
 i - a potion of flight {unknown}
 k - a potion of resistance {unknown}
Books
 l - a book of Annihilations {highlevel, unknown}

   This book is beyond your current level of understanding.

   Spells                             Type                      Level
   a - Poison Arrow                   Conjuration/Poison           6
   b - Chain Lightning                Conjuration/Air              8
   c - Lehudib's Crystal Spear        Conjuration/Earth            8
   d - Glaciate                       Conjuration/Ice              9
   e - Fire Storm                     Conjuration/Fire             9
Comestibles
 b - a meat ration


   Skills:
 - Level 8.4 Fighting
 - Level 14.1 Dodging
 - Level 1.1 Stealth
 + Level 11.7 Unarmed Combat


You had 8 spell levels left.
You didn't know any spells.

Dungeon Overview and Level Annotations

Branches:
Dungeon (1/1)

Altars:
Cheibriados
Dithmenos
Elyvilon
Fedhas
Gozag
Kikubaaqudgha
Makhleb
Nemelex Xobeh
Okawaru
Qazlal
Ru
Sif Muna
Trog
Vehumet
Xom
Yredelemnul
Zin
The Shining One
Jiyva

Shops:
D (:[

Annotations:
D Lom Lobon


Innate Abilities, Weirdness & Mutations

You are too large for most types of armour.
You have claws for hands.
Your metabolism is lightning-fast.
You like to eat raw meat.
You heal very quickly.
You are covered in fur (AC +1).
You have very tough skin (AC +2).


Message History

You feel a little better.
The ynoxinul disappears in a puff of smoke!
The white imp disappears in a puff of smoke!
The ufetubus disappears in a puff of smoke!
The sun demon disappears in a puff of smoke!
The white imp disappears in a puff of smoke!
The ufetubus disappears in a puff of smoke!
The giant eyeball gazes at you.
You suddenly lose the ability to move!
The demonic crawler hits you. x3
* * * LOW HITPOINT WARNING * * *
The demonic crawler hits you!
* * * LOW HITPOINT WARNING * * *
The demonic crawler hits you!
* * * LOW HITPOINT WARNING * * *
The demonic crawler hits you but does no damage.
The demonic crawler hits you.
* * * LOW HITPOINT WARNING * * *
The demonic crawler hits you!
You die...

#####################
[').#..'..#__#§§@sG.#
.#..').#..'..§§)#ss.#
###'#####'#__####s..'..#
##..#...#.####§§#####..+
_####..##.#§§§..#§.# ##
..__##'#..§≈§§§.'§%#
.∩...'..._#§§§§.#..#
..._##_.#'##)#####+#
____###'#.#)().###


You could see 4 demonic crawlers and a giant eyeball.

Vanquished Creatures
  2 centaur warriors (D)
  A deep troll (D)
  2 kobold demonologists (D)
  Sonja (D)
  A slime creature (D)
  A yak (D)
  A wasp (D)
  An ogre (D)
  Sigmund (D)
  A jelly (D)
  Ijyb (D)
13 creatures vanquished.

Notes
Turn   | Place    | Note
--------------------------------------------------------------
     0 | D        | Monkaria, the Troll Monk, began the quest for the Orb.
     0 | D        | Reached XP level 1. HP: 22/22 MP: 1/1
     2 | D        | Noticed Ijyb
     8 | D        | Killed Ijyb
     8 | D        | Reached XP level 2. HP: 20/33 MP: 1/1
    12 | D        | Noticed an ogre
    16 | D        | Killed an ogre
    16 | D        | Reached skill level 8 in Unarmed Combat
    16 | D        | Reached XP level 3. HP: 6/41 MP: 2/2
    16 | D        | Reached XP level 4. HP: 7/49 MP: 2/2
    92 | D        | Noticed Sigmund
    97 | D        | Killed Sigmund
    97 | D        | Reached skill level 10 in Unarmed Combat
    97 | D        | Reached XP level 5. HP: 42/55 MP: 2/2
   121 | D        | Found a deep blue altar of Sif Muna.
   122 | D        | Noticed a jelly
   123 | D        | Found a radiant altar of Vehumet.
   130 | D        | Killed a jelly
   130 | D        | Reached skill level 5 in Fighting
   153 | D        | Found Ucixkuf's Book Emporium.
   153 | D        | Found a white marble altar of Elyvilon.
   153 | D        | Found a stormy altar of Qazlal.
   153 | D        | Found a basalt altar of Yredelemnul.
   153 | D        | Found an iron altar of Okawaru.
   153 | D        | Found a sparkling altar of Nemelex Xobeh.
   153 | D        | Found a shimmering altar of Xom.
   153 | D        | Found an ancient bone altar of Kikubaaqudgha.
   153 | D        | Noticed a yak
   154 | D        | Found a burning altar of Makhleb.
   154 | D        | Found a sacrificial altar of Ru.
   154 | D        | Found a glowing golden altar of the Shining One.
   154 | D        | Found an opulent altar of Gozag.
   154 | D        | Found a glowing silver altar of Zin.
   162 | D        | Killed a yak
   162 | D        | Reached XP level 6. HP: 30/74 MP: 3/3
   163 | D        | Found a bloodstained altar of Trog.
   249 | D        | Found a viscous altar of Jiyva.
   249 | D        | Found a blossoming altar of Fedhas.
   249 | D        | Noticed a slime creature
   254 | D        | Killed a slime creature
   254 | D        | Reached XP level 7. HP: 58/81 MP: 3/3
   255 | D        | Found a snail-covered altar of Cheibriados.
   255 | D        | Found a shadowy altar of Dithmenos.
   268 | D        | Became a worshipper of Makhleb the Destroyer
   268 | D        | Acquired Makhleb's first power
   268 | D        | Acquired Makhleb's second power
   280 | D        | Noticed a centaur warrior
   280 | D        | Noticed a centaur warrior
   286 | D        | Killed a centaur warrior
   286 | D        | Reached skill level 10 in Dodging
   286 | D        | Reached XP level 8. HP: 52/89 MP: 3/3
   291 | D        | Killed a centaur warrior
   291 | D        | Reached skill level 12 in Dodging
   345 | D        | Noticed a wasp
   349 | D        | Killed a wasp
   349 | D        | Acquired Makhleb's third power
   410 | D        | Noticed a deep troll
   419 | D        | Killed a deep troll
   419 | D        | Reached skill level 13 in Dodging
   419 | D        | Reached XP level 9. HP: 42/97 MP: 4/4
   503 | D        | Found Lialonap's Armour Emporium.
   509 | D        | Bought a +0 cloak for 49 gold pieces
   521 | D        | Noticed Sonja
   534 | D        | Killed Sonja
   534 | D        | Reached skill level 14 in Dodging
   559 | D        | Found Klal's Antique Weapon Boutique.
   702 | D        | Noticed Lom Lobon
   851 | D        | Noticed a kobold demonologist
   854 | D        | Noticed a kobold demonologist
   856 | D        | Noticed a demonic crawler
   856 | D        | Noticed a demonic crawler
   856 | D        | Noticed a demonic crawler
   856 | D        | Noticed a demonic crawler
   857 | D        | Noticed a sun demon
   862 | D        | Killed a kobold demonologist
   862 | D        | Acquired Makhleb's fourth power
   870 | D        | Killed a kobold demonologist
   870 | D        | Paralysed by a giant eyeball for 3 turns
   871 | D        | Slain by a demonic crawler

Action                   |  1- 3 |  4- 6 |  7- 9 || total
-------------------------+-------+-------+-------++-------
Melee: Unarmed           |     8 |    23 |    37 ||    68
  Use: Potion            |       |       |     3 ||     3
       Scroll            |       |       |     1 ||     1
 Stab: Sleeping          |       |     1 |       ||     1
  Eat: Meat ration       |       |       |     1 ||     1
